 Dungeon Crawl Stone Soup version 0.13-b1-32-g21a608e (webtiles) character file.

111 Lilouch the Covered (level 3, 0/30 HPs)
             Began as a Mummy Fighter on Oct 6, 2013.
             Killed from afar by an orc wizard (4 damage)
             ... with a puff of flame
             ... on Level 2 of the Dungeon.
             The game lasted 00:10:09 (10154 turns).

Lilouch the Covered (Mummy Fighter)                Turns: 10154, Time: 00:10:09

HP   0/30        AC  6     Str 20      XL: 3   Next: 55%
MP   2/2         EV  6     Int  7      God:
Gold 61          SH 18     Dex 11      Spells:  0 memorised,  2 levels left

Res.Fire  : x . .   See Invis. : .   a - +0 hand axe {=f}
Res.Cold  : + . .   Warding    : .   b - +0 scale mail
Life Prot.: + + +   Conserve   : .   c - +0 shield
Res.Poison: +       Res.Corr.  : .   (no helmet)
Res.Elec. : .       Clarity    : .   (no cloak)
Sust.Abil.: . .     Spirit.Shd : .   (no gloves)
Res.Mut.  : .       Stasis     : .   (no boots)
Res.Rott. : +       Flight     : .   (no amulet)
Saprovore : . . .                    (no ring)
                                     (no ring)

@: slightly resistant to hostile enchantments, extremely unstealthy
A: no food or potions, fire vulnerability, restore body, cold resistance 1, life
protection 3, poison resistance, torment resistance, unbreathing
a: no special abilities


You were on level 2 of the Dungeon.
You were not hungry.

You visited 1 branch of the dungeon, and saw 3 of its levels.

You collected 41 gold pieces.

Inventory:

Hand weapons
 a - a +0,+0 hand axe (weapon) {=f}
 q - a +0,+0 whip
Missiles
 j - 36 stones (quivered)
 o - 6 curare-tipped needles
Armour
 b - a +0 scale mail (worn)
 c - a +0 shield (worn)
 p - a +1 wizard hat
Comestibles
 h - an orange
 r - a bread ration
Scrolls
 d - a scroll of curse weapon {unknown}
 e - 3 scrolls of identify {unknown}
 f - 4 scrolls of amnesia {unknown}
 g - a scroll of fog {unknown}
 i - a scroll of magic mapping {unknown}
 k - a scroll of teleportation {unknown}
 l - a scroll of remove curse {unknown}
 n - a scroll of blinking {unknown}
Potions
 m - a potion of heal wounds {unknown}
 s - 2 potions of paralysis {unknown}


   Skills:
 + Level 3.1 Fighting
 + Level 1.9 Axes
 + Level 3.2 Armour
 + Level 0.2 Dodging
 + Level 0.3 Stealth
 + Level 2.6 Shields


You had 2 spell levels left.
You didn't know any spells.

Dungeon Overview and Level Annotations

Branches:
Dungeon (3/27)

Altars:


Innate Abilities, Weirdness & Mutations

You do not eat or drink.
Your flesh is vulnerable to fire.
Your flesh is cold resistant.
You are immune to negative energy.
Your system is resistant to poisons.
You are immune to unholy pain and torment.
You can survive without breathing.


Message History

It hits you but does no damage.
You hit the adder.
The adder is heavily wounded.
Your scale mail prevents you from hitting it.
The adder bites you but does no damage. The adder closely misses you.
It hits you but does no damage.
You barely miss it. You closely miss the adder.
The adder is heavily wounded.
You block the adder's attack. It hits you but does no damage.
The adder bites you.
* * * LOW HITPOINT WARNING * * *
You miss it. You hit the adder.
The adder is almost dead.
You block its attack. The adder closely misses you.
You hit the adder.
You kill the adder!
You hit it but do no damage.
You hear some strange, mumbled words.
The puff of flame hits you! The fire burns you terribly!
You die...

#..........#
#########..#######
#........#
#..#####.#
#..#####.###
#..........
#.##...#.#
#.#..)...##
#...%@....#
#......).......
#..........##.
#..#......##
#.........#
#..######... #..#
.## #..# .# ..#


There were no monsters in sight!

Vanquished Creatures
  2 adders
  A giant gecko (D:1)
  2 orcs (D:2)
  4 bats
  2 giant cockroaches (D:1)
  3 goblins (D:1)
  A hobgoblin (D:1)
  4 jackals (D:1)
  6 kobolds
  5 rats
30 creatures vanquished.

Notes
Turn   | Place    | Note
--------------------------------------------------------------
     0 | D:1      | Lilouch, the Mummy Fighter, began the quest for the Orb.
     0 | D:1      | Reached XP level 1. HP: 18/18 MP: 0/0
    10 | D:1      | epsilon: миллион ошибок
    12 | D:1      | epsilon: ппц
    14 | D:1      | Lilouch: а мне по фану)
    14 | D:1      | epsilon: семнадцать раз мог сбежать, но нет
    14 | D:1      | Lilouch: прикольная игра если брать такой аспект как андед)
    14 | D:1      | epsilon: и не играй ты за мумию
    14 | D:1      | epsilon: это сложный перс
    14 | D:1      | Lilouch: ))))а мне понравилось
    14 | D:1      | Lilouch: !
    23 | D:1      | epsilon: умирать на втором этаже тебе понравилось?
    80 | D:1      | epsilon: не нравится жрать - играй за вампира
    98 | D:1      | epsilon: он хоть зелья пьёт
    98 | D:1      | Lilouch: неа
    98 | D:1      | Lilouch: у вампира нет бесконечных ходов
    98 | D:1      | Lilouch: это ж проще
   143 | D:1      | epsilon: есть
   152 | D:1      | epsilon: он не ест
   157 | D:1      | epsilon: ему еда только для регена хп нужна
   267 | D:1      | Reached XP level 2. HP: 20/24 MP: 1/1
   517 | D:1      | Lilouch: макс че это?
   517 | D:1      | Lilouch: кураре иголка
  7383 | D:1      | Reached XP level 3. HP: 17/30 MP: 2/2
 10067 | D:1      | Noticed a hippogriff
 10067 | D:1      | epsilon: лоло
 10067 | D:1      | epsilon: кураре это ошшень сильный яд, который ещё и замедляет
 10067 | D:1      | Lilouch: ну давай скажи что мне повезло и я ща сдохну моментально)
 10067 | D:1      | epsilon: а гиппогриф тебя сожрет
 10067 | D:1      | epsilon: не
 10069 | D:2      | epsilon: он дно
 10070 | D:2      | epsilon: кентавры опаснее
 10070 | D:2      | Lilouch: кстате
 10070 | D:2      | Lilouch: если я пропускаю ходы там
 10070 | D:2      | Lilouch: то тут тоже дохуя пропускается:
 10070 | D:2      | Lilouch: всмысле могут наспавнится
 10086 | D:2      | epsilon: не особо
 10129 | D:2      | epsilon: спавн в твоё отсутствие мизерен
 10143 | D:3      | epsilon: да и ты ещё ни разу не был на этом этаже - он ещё не сгенерирован
 10149 | D:2      | Lilouch: ясн
 10154 | D:2      | Killed from afar by an orc wizard

Action                   || total
-------------------------++-------
Melee: Hand axe          ||   121
